 Dungeon Crawl Stone Soup version 0.22-a0-538-g76cc104 (webtiles) character file.

3674 Hebeh the Cleaver (level 9, -6/81 HPs)
             Began as a Minotaur Fighter on June 23, 2018.
             Was an Initiate of Trog.
             Killed from afar by an electric eel (12 damage)
             ... with a bolt of electricity
             ... on level 8 of the Dungeon.
             The game lasted 00:36:36 (7895 turns).

Hebeh the Cleaver (Minotaur Fighter)                Turns: 7895, Time: 00:36:37

Health: -6/81      AC: 14    Str: 24    XL:     9   Next: 89%
Magic:  10/10      EV:  5    Int:  5    God:    Trog [......]
Gold:   463        SH: 13    Dex: 16    Spells: 8/8 levels left

rFire    . . .     SeeInvis .   y - +8 dagger of Obsession {pain, rPois rF- Dex+6}
rCold    + . .     Gourm    .   c - +1 shield
rNeg     . . .     Faith    .   C - +0 plate armour
rPois    +         Spirit   .   E - +1 hat
rElec    .         Reflect  .   (no cloak)
rCorr    .         Harm     +   (no gloves)
MR       .....                  (no boots)
Stlth    ..........             A - amulet of harm
HPRegen  0.23/turn              D - ring of protection from fire
MPRegen  0.12/turn              n - ring of protection from cold

@: no status effects
A: retaliatory headbutt, horns 2
a: Renounce Religion


You were on level 8 of the Dungeon.
You worshipped Trog.
Trog was noncommittal.
You were hungry.

You visited 2 branches of the dungeon, and saw 9 of its levels.
You also visited: Ossuary.

You collected 487 gold pieces.
You spent 24 gold pieces at shops.

Inventory:

Hand Weapons
 a - a +0 war axe
 y - the +8 dagger of Obsession (weapon) {pain, rPois rF- Dex+6}
   (You found it on level 8 of the Dungeon)

   In the hands of one skilled in necromantic magic, it inflicts extra damage on
   living creatures.
   It affects your dexterity (+6).
   It makes you vulnerable to fire.
   It protects you from poison.
 G - a +1 spear of piercing
Missiles
 H - 2 poisoned tomahawks (quivered)
Armour
 c - a +1 shield (worn)
 C - a +0 plate armour (worn)
 E - a +1 hat (worn)
Jewellery
 b - an uncursed ring of stealth
 e - an uncursed amulet of the gourmand {unknown}
 g - a +1 ring of evasion {unknown}
 j - a +3 ring of strength
 n - a ring of protection from cold (right hand)
 A - an amulet of harm (around neck)
 D - a ring of protection from fire (left hand)
Wands
 v - a wand of scattershot (5)
 w - a wand of acid (9)
 B - a wand of polymorph (12)
Scrolls
 h - 3 scrolls of teleportation
 r - 2 scrolls of fog
 u - a scroll of enchant armour
 I - a scroll of immolation {unknown}
Potions
 d - 2 potions of might
 i - a potion of curing
 k - 2 potions of agility
 l - 4 potions of flight
 m - 2 potions of mutation
 o - 3 potions of degeneration
 p - 2 potions of lignification
 q - 3 potions of resistance
 s - a potion of heal wounds {unknown}
 t - a potion of brilliance {unknown}
 z - a potion of haste {unknown}
 F - a potion of invisibility {unknown}
Comestibles
 f - 14 rations
 x - 3 chunks of flesh


   Skills:
 + Level 8.2 Fighting
 * Level 10.6 Axes
 + Level 8.2 Armour
 + Level 8.2 Shields
 + Level 3.0 Evocations


You had 8 spell levels left.
You didn't know any spells.
Your spell library contained the following spells:

 Spells                   Type           Power        Failure   Level  Hunger
 Lightning Bolt           Conj/Air       #.........   100%        5    ######.
 Summon Small Mammal      Summ           #...         100%        1    ##.....
 Summon Ice Beast         Ice/Summ       #.......     100%        4    #####..
 Call Imp                 Summ           #.......     100%        2    ###....
 Shock                    Conj/Air       #...         100%        1    ##.....
 Swiftness                Chrm/Air       #.......     100%        2    ###....
 Airstrike                Air            #.........   100%        4    #####..
 Call Canine Familiar     Summ           #.......     100%        3    ####...
 Static Discharge         Conj/Air       #.......     100%        3    ####...
 Summon Lightning Spire   Summ/Air       #.......     100%        4    #####..
 Summon Guardian Golem    Hex/Summ       #.......     100%        3    ####...


Dungeon Overview and Level Annotations

Branches:
Dungeon (8/15)             Temple (1/1) D:7
   Lair: D:8-11

Altars:
Ashenzari
Cheibriados
Elyvilon
Fedhas
Gozag
Hepliaklqana
Kikubaaqudgha
Makhleb
Nemelex Xobeh
Okawaru
Qazlal
Ru
Sif Muna
Trog
Uskayaw
Vehumet
Wu Jian
Xom
Zin
The Shining One

Shops:
D:4 !*   D:6 *


Innate Abilities, Weirdness & Mutations

You reflexively headbutt those who attack you in melee.
You have a pair of horns on your head.


Message History

The electric eel shoots out a bolt of lightning at you!
The bolt of electricity hits you!
You are too injured to fight recklessly!
You are too injured to fight recklessly!
Unknown command.
You are too injured to fight recklessly!
You are too injured to fight recklessly!
The electric eel shoots out a bolt of lightning at you!
The bolt of electricity hits you!
The electric eel shoots out a bolt of lightning at you!
The bolt of electricity hits you!
* * * LOW HITPOINT WARNING * * *
The electric eel shoots out a bolt of lightning at you!
The bolt of electricity hits you!
* * * LOW HITPOINT WARNING * * *
You puncture the electric eel!
The electric eel is severely wounded.
The electric eel shoots out a bolt of lightning at you!
The bolt of electricity hits you!
You die...

#[# #.# # #.#
#. ##.########
##.##..........
........#######
##.#.....#### #
##.......#
##.@....##
#.;≈≈....#
#..≈≈≈≈.....
#.≈≈≈≈≈.....
#.≈≈≈.≈.....
..≈≈≈..≈....
...≈≈..%≈≈$.
....≈....≈≈.#
....≈≈.∩.≈≈.


You could see an electric eel.

Vanquished Creatures
  A centaur zombie (D:7)
  A polar bear (D:8)
  A yak (D:8)
  A sky beast (D:7)
  2 orc warriors
  2 ice beasts
  A black bear (D:7)
  2 phantoms (D:6)
  A wolf (D:8)
  2 ogres
  A centaur (D:5)
  3 bullfrogs
  3 scorpions
  3 wights (D:6)
  3 howler monkeys (D:4)
  4 hounds
  3 crimson imps
  3 centaur skeletons
  2 jellies (D:6)
  An orc priest (D:4)
  A bullfrog skeleton (D:4)
  An iguana (D:4)
  6 orc wizards
  6 worker ants
  8 big kobold zombies (Ossuary)
  A centaur simulacrum (D:8)
  2 hound skeletons
  A mummy (Ossuary)
  4 gnolls
  A howler monkey skeleton (D:7)
  15 adders
  3 river rats (D:5)
  3 shadow imps
  A white imp (D:8)
  2 ufetubi (D:8)
  An ooze (D:3)
  2 adder skeletons
  2 adder zombies
  5 worms
  2 dart slugs
  An adder simulacrum (D:8)
  2 leopard geckos
  18 orcs
  5 spectral bats (Ossuary)
  2 ball pythons (D:1)
  8 giant cockroaches
  4 gnoll zombies (Ossuary)
  6 goblins
  5 hobgoblins
  18 jackals
  9 kobolds
  4 quokkas
  4 bats
  4 bat simulacra (Ossuary)
  6 frilled lizards
  3 goblin simulacra (Ossuary)
  7 goblin zombies (Ossuary)
  5 hobgoblin zombies (Ossuary)
  A jackal skeleton (D:6)
  2 kobold simulacra (Ossuary)
  A kobold zombie (Ossuary)
  A leopard gecko skeleton (D:6)
  5 orc zombies (Ossuary)
  A quokka skeleton (D:2)
  12 rats
  A rat simulacrum (Ossuary)
  2 spectral goblins (Ossuary)
  A spectral kobold (Ossuary)
  4 spectral rats (Ossuary)
249 creatures vanquished.

Notes
Turn   | Place    | Note
-------+----------+-------------------------------------------
     0 | D:1      | Hebeh the Minotaur Fighter began the quest for the Orb.
     0 | D:1      | Reached XP level 1. HP: 19/19 MP: 0/0
   301 | D:1      | Reached XP level 2. HP: 27/27 MP: 1/1
   359 | D:1      | Reached skill level 3 in Axes
  1015 | D:2      | Reached XP level 3. HP: 33/33 MP: 2/2
  1030 | D:2      | Found a stormy altar of Qazlal.
  1228 | D:2      | Reached skill level 4 in Axes
  1228 | D:2      | Reached XP level 4. HP: 35/40 MP: 3/3
  1740 | D:3      | Found an ancient bone altar of Kikubaaqudgha.
  1842 | D:3      | Reached XP level 5. HP: 39/47 MP: 4/4
  2086 | D:3      | Reached skill level 5 in Axes
  2154 | D:4      | Found a sand-covered staircase.
  2170 | Ossuary  | Entered an ossuary
  2244 | Ossuary  | Reached XP level 6. HP: 55/55 MP: 5/5
  2281 | Ossuary  | Reached skill level 5 in Armour
  2285 | Ossuary  | Reached skill level 5 in Fighting
  2285 | Ossuary  | Reached skill level 5 in Shields
  2595 | D:4      | Found Juddirche's Distillery.
  2626 | D:4      | Reached skill level 6 in Axes
  2699 | D:4      | Reached XP level 7. HP: 30/61 MP: 6/6
  3111 | D:4      | Found Hienuot's Assorted Antiques.
  3330 | D:4      | Reached skill level 7 in Axes
  3510 | D:4      | Found a blossoming altar of Fedhas.
  3806 | D:5      | Entered Level 5 of the Dungeon
  3910 | D:5      | Found a deep blue altar of Sif Muna.
  4043 | D:5      | Reached XP level 8. HP: 42/70 MP: 7/7
  5038 | D:6      | Reached skill level 8 in Axes
  5142 | D:6      | Found a white marble altar of Elyvilon.
  5152 | D:6      | Found Qiroshras's General Store.
  5160 | D:6      | Bought a scroll of identify for 24 gold pieces
  5767 | D:6      | Reached skill level 9 in Axes
  5933 | D:6      | Reached skill level 1 in Evocations
  5933 | D:6      | Reached XP level 9. HP: 78/79 MP: 8/8
  6685 | D:7      | Found an ornate altar of the Wu Jian Council.
  6976 | D:7      | Found a shimmering altar of Xom.
  7051 | D:7      | Reached skill level 10 in Axes
  7215 | D:7      | Found a staircase to the Ecumenical Temple.
  7225 | Temple   | Entered the Ecumenical Temple
  7315 | Temple   | Became a worshipper of Trog the Wrathful
  7569 | D:8      | Noticed a polar bear
  7584 | D:8      | Killed a polar bear
  7706 | D:8      | Got a steaming dagger
  7707 | D:8      | Identified the +8 dagger of Obsession {pain, rPois rF- Dex+6} (You found it on level 8 of the Dungeon)
  7895 | D:8      | Killed from afar by an electric eel

Vault maps used:
D:1:      eino_arrival_druids_welcome, nrook_uturn
D:2:      lemuel_doored_altar, hangedman_feature_mirror
D:3:      kiku_gazebo_garden_becter, first_ration
D:4:      kennysheep_six_static_rooms, serial_shops, shop, shop,
          nicolae_ossuary_entry_ruins, fedhas_altar_1
D:5:      tgw_sif, lightli_sewer_entry_pipes
D:6:      kennysheep_mini_moat, serial_shops, nicolae_shop_statue_plus,
          lemuel_flame_loot_1
D:7:      overflow_temple_1_default, nicolae_overflow_crystal_walls, temple_hall
D:8:      serial_ice, serial_ice_a, serial_ice_g, serial_ice_c, serial_ice_i,
          serial_ice_b
Temple:   nicolae_temple_elliptical
Ossuary:  ossuary_zaba_two_paths

Skill      XL: |  1  2  3  4  5  6  7  8  9 |
---------------+----------------------------+-----
Axes           | 3 4 5 6 7 9 10 | 10.6
Fighting       | 4 5 6 7 8 |  8.2
Armour         | 4 5 6 7 8 |  8.2
Shields        | 4 5 6 7 8 |  8.2
Evocations     | 1 3 |  3.0

Action                   |  1- 3 |  4- 6 |  7- 9 || total
-------------------------+-------+-------+-------++-------
Melee: War axe           |    83 |   242 |   374 ||   699
       Headbutt          |    14 |    41 |    78 ||   133
       Dagger            |       |       |    29 ||    29
Evoke: Wand              |       |       |     2 ||     2
  Use: Scroll            |       |     6 |    12 ||    18
  Eat: Chunk             |     1 |     5 |    17 ||    23
Armor: Scale mail        |    35 |     1 |       ||    36
       Ring mail         |       |    64 |    52 ||   116
       Plate armour      |       |       |   123 ||   123
Dodge: Dodged            |    28 |    80 |    89 ||   197
Block: Shield            |    44 |   140 |   232 ||   416

Table legend:
 A = Spawn XP
 B = Non-spawn XP
 C = Spawn XP percentage of total XP
 D = Spawn monster count
 E = Non-spawn monster count
 F = Spawn count percentage of total count
 G = Total turns spent on level
                    A         B        C        D         E        F      G
               +---------+---------+-------+---------+---------+-------+---------
         Total |       0 |    5249 |   0.0 |       0 |     249 |   0.0 |  7895
               +---------+---------+-------+---------+---------+-------+---------
           D:1 |       0 |      30 |   0.0 |       0 |      17 |   0.0 |   905
           D:2 |       0 |     104 |   0.0 |       0 |      25 |   0.0 |   743
           D:3 |       0 |     183 |   0.0 |       0 |      32 |   0.0 |   506
           D:4 |       0 |     653 |   0.0 |       0 |      25 |   0.0 |  1255
           D:5 |       0 |     505 |   0.0 |       0 |      30 |   0.0 |  1202
           D:6 |       0 |    1323 |   0.0 |       0 |      36 |   0.0 |  1644
           D:7 |       0 |    1150 |   0.0 |       0 |      16 |   0.0 |   753
           D:8 |       0 |    1017 |   0.0 |       0 |      15 |   0.0 |   389
       Ossuary |       0 |     284 |   0.0 |       0 |      53 |   0.0 |   397
               +---------+---------+-------+---------+---------+-------+---------
